 Dungeon Crawl Stone Soup version 0.30-b1-2-g02819fbbbe (webtiles) character file.

Game seed: 14504836572100525284

8 Kold the Trooper (level 2, 24/24 HPs)
             Began as a Demonspawn Monk on Dec 21, 2023.
             Quit the game on level 1 of the Dungeon.
             The game lasted 00:00:23 (430 turns).

Kold the Trooper (Demonspawn Monk)                   Turns: 430, Time: 00:00:23

Health: 24/24      AC:  2    Str: 11    XL:     2   Next: 0%
Magic:  2/2        EV: 13    Int: 11    God:
Gold:   57         SH:  0    Dex: 15    Spells: 1/1 levels left

rFire   . .          .
                       - Unarmed
rCold   . . .        c - orb {light}
rNeg    . . .        a - +0 robe
rPois   .            (no helmet)
rElec   .            (no cloak)
rCorr   .            (no gloves)
SInv    .            (no boots)
Will    .....        (no amulet)
Stlth   +            (no ring)
HPRegen 0.24/turn    (no ring)
MPRegen 0.08/turn

%: no passive effects
@: glowing
A: weakness stinger 1
a: no special abilities


You were on level 1 of the Dungeon.
You visited 1 branch of the dungeon, and saw 1 of its levels.

You collected 57 gold pieces.

Inventory:

Armour
 a - a +0 robe (worn)
 c - an orb of light (worn)
Scrolls
 e - 2 scrolls of identify {unknown}
 f - a scroll of teleportation {unknown}
 h - a scroll of fog {unknown}
Potions
 b - a potion of ambrosia
 d - a potion of resistance {unknown}
 g - 2 potions of attraction {unknown}
 i - a potion of might {unknown}


   Skills:
 + Level 3.1 Fighting
 + Level 2.9 Dodging
 + Level 3.0 Unarmed Combat


You had one spell level left.
You didn't know any spells.
Your spell library contained the following spells:

 Spells                   Type           Power      Damage    Failure   Level
 Ensorcelled Hibernation  Hex/Ice        0%         N/A       47%         2
 Passwall                 Tmut/Erth      0%         N/A       47%         2
 Swiftness                Air            0%         N/A       71%         3


Dungeon Overview and Level Annotations

Branches:
Dungeon (1/15)

Altars:


Innate Abilities, Weirdness & Mutations

You have a small tail.


Message History

You now have 43 gold pieces (gained 4).
Found a stone staircase leading down.
Found a hand axe.
You open the door.
There is an open door here.
There is an open door here.
Found 6 stones.
No target in view!
No target in view!
You now have 57 gold pieces (gained 14).
Found an escape hatch in the floor.
Found 5 stones.
No target in view!
No target in view!
A giant cockroach comes into view.
A giant cockroach is nearby!
The giant cockroach barely misses you.
You hit the giant cockroach but do no damage.
The giant cockroach misses you.
You hit the giant cockroach but do no damage.
The giant cockroach bites you but does no damage.
You hit the giant cockroach.
The giant cockroach is heavily wounded.
The giant cockroach barely misses you.
You hit the giant cockroach.
You kill the giant cockroach!
No target in view!
Found a stone staircase leading down.
There is a stone staircase leading down here.
A frilled lizard comes into view.
The frilled lizard hisses angrily.
A frilled lizard is nearby!
You closely miss the frilled lizard. The frilled lizard barely misses you.
You hit the frilled lizard.
You kill the frilled lizard!
Your Unarmed Combat skill increases to level 3!
You have reached level 2!
Your demonic ancestry asserts itself...
You grow a small tail.
Are you sure you want to abandon this character and quit the game? (Confirm with "yes".)

###########
#..................
#..................
#..................
#..................
....... .#####....
####....# #.....(..
####.......#####....####
.......@................
.###..†#>...............
#...#.....#...###...#
#####................
#####.....#...######.
#...#.........#...# #..
#..(#.#########...#####..
#...#.##.................
#...#.##.................


There were no monsters in sight!

Vanquished Creatures
  A ball python (D:1)
  A giant cockroach (D:1)
  2 hobgoblins (D:1)
  A frilled lizard (D:1)
  3 rats (D:1)
8 creatures vanquished.

Notes
Turn   | Place    | Note
-------+----------+-------------------------------------------
     0 | D:1      | Kold the Demonspawn Monk began the quest for the Orb.
     0 | D:1      | Reached XP level 1. HP: 18/18 MP: 1/1
   430 | D:1      | Gained mutation: You have a small tail. [demonic ancestry]
   430 | D:1      | Reached XP level 2. HP: 24/24 MP: 2/2
   430 | D:1      | Quit the game

Illustrated notes

Levels and vault maps discovered:
D:1:      lemuel_arrival_funnel, layout_basic, reono_crystal_passage

Skill      XL: |  1 |
---------------+----+-----
Unarmed Combat | 3 |  3.0
Fighting       | |  3.1
Dodging        | |  2.9

Action                     || total
---------------------------++-------
  Melee: Unarmed           ||    21
 Armour: Robe              ||     4
  Dodge: Dodged            ||    10
